 Dungeon Crawl Stone Soup version 0.20.0-8-g6b59dc7 (webtiles) character file.

78 straycat the Ducker (level 4, -1/33 HPs)
             Began as a Vampire Gladiator on June 1, 2017.
             Slain by Grinder (2 damage)
             ... while paralysed by Grinder
             ... on level 3 of the Dungeon.
             The game lasted 00:06:14 (2551 turns).

straycat the Ducker (Vampire Gladiator)             Turns: 2551, Time: 00:06:15

Health: -1/33      AC:  0    Str: 13    XL:     4   Next: 15%
Magic:  2/4        EV:  5    Int: 10    God:
Gold:   55         SH:  0    Dex: 21    Spells: 3/3 levels left

rFire    . . .     SeeInvis +   (weapon currently unavailable)
rCold    . . .     Gourm    .   (shield currently unavailable)
rNeg     + . .     Faith    .   (armour currently unavailable)
rPois    .         Spirit   .   (helmet currently unavailable)
rElec    .         Reflect  .   (cloak currently unavailable)
rCorr    .         Harm     .   (gloves currently unavailable)
MR       .....                  (boots currently unavailable)
Stlth    +++++.....             (no amulet)
Regen    0.2/turn               (ring currently unavailable)
MPRegen  0.1/turn               (ring currently unavailable)

@: paralysed, bat-form, flying, very quick
A: fangs 3, see invisible
a: End Transformation


You were on level 3 of the Dungeon.
You were not thirsty.
You were in vampire-bat-form.
You visited 1 branch of the dungeon, and saw 3 of its levels.

You collected 55 gold pieces.

Inventory:

Hand Weapons
 a - a +0 rapier (melded)
Missiles
 d - 3 throwing nets (quivered)
 f - 25 poisoned needles
 g - 104 stones
 k - 22 arrows
 x - 31 bolts
Armour
 b - a +0 leather armour (melded)
 c - a +0 helmet (melded)
 w - a +0 ring mail
 z - a +0 helmet
Jewellery
 i - an uncursed ring of protection from cold {unknown}
 p - an uncursed amulet of regeneration {unknown}
Wands
 A - a wand of digging (13/24)
Scrolls
 h - 3 scrolls of magic mapping {unknown}
 j - 3 scrolls of immolation {unknown}
 l - a scroll of enchant weapon {unknown}
 m - 5 scrolls of teleportation {unknown}
 q - a scroll of recharging {unknown}
 s - a scroll of fear {unknown}
 u - 3 scrolls of identify {unknown}
 y - a scroll of remove curse {unknown}
Potions
 e - 18 potions of blood
 n - 2 potions of invisibility {unknown}
 o - a potion of resistance {unknown}
 r - a potion of cancellation {unknown}
 t - a potion of agility {unknown}
 v - a potion of haste {unknown}


   Skills:
 + Level 2.1 Fighting
 + Level 3.6 Short Blades
 - Level 1.6 Throwing
 + Level 1.0 Armour
 * Level 4.1 Dodging
 * Level 3.0 Stealth


You had 3 spell levels left.
You didn't know any spells.

Dungeon Overview and Level Annotations

Branches:
Dungeon (3/15)

Altars:
Trog

Annotations:
D:3 Grinder


Innate Abilities, Weirdness & Mutations

You have razor-sharp teeth.
You have supernaturally acute eyesight. (SInv)
((You can survive without breathing.))


Message History

You hit Grinder.
Grinder is severely wounded.
Grinder hits you.
* * * LOW HITPOINT WARNING * * *
You writhe in agony.
* * * LOW HITPOINT WARNING * * *
Yummy - fresh blood!
Grinder misses you.
You turn into a vampire bat.
Your +0 rapier melds into your body.
Your +0 helmet melds into your body.
Your +0 leather armour melds into your body.
Grinder misses you. Grinder closely misses you. Grinder gestures at you.
You suddenly lose the ability to move!
Grinder gestures at you. You resist with significant effort. Grinder hits you.
* * * LOW HITPOINT WARNING * * *
You writhe in agony.
You die...

########## #........#
#.#..5b..#
######....###.#########
#..†.......##.........#
#.####....###########.#
#.# #.#.## #.# #.#
#...# #.# #.# ##### #.#
#5# ###.# ........#
#...#


You could see Grinder.

Vanquished Creatures
  An adder (D:3)
  2 oozes
  A worm (D:2)
  2 leopard geckos (D:1)
  3 bats
  4 giant cockroaches
  7 goblins
  11 hobgoblins
  A quokka (D:3)
  4 frilled lizards (D:1)
  9 kobolds
  7 rats
52 creatures vanquished.

Notes
Turn   | Place    | Note
-------+----------+-------------------------------------------
     0 | D:1      | straycat the Vampire Gladiator began the quest for the Orb.
     0 | D:1      | Reached XP level 1. HP: 16/16 MP: 1/1
   112 | D:1      | Reached XP level 2. HP: 17/22 MP: 2/2
   236 | D:1      | Reached skill level 1 in Stealth
   392 | D:1      | HP: 1/22 [kobold/whip of holy wrath (6)]
   932 | D:1      | Reached XP level 3. HP: 23/27 MP: 3/3
  1589 | D:2      | Reached skill level 4 in Dodging
  1846 | D:2      | Found a bloodstained altar of Trog.
  2393 | D:3      | Found a faded altar of an unknown god.
  2409 | D:3      | Reached XP level 4. HP: 33/33 MP: 4/4
  2492 | D:3      | Noticed Grinder
  2513 | D:3      | Reached skill level 1 in Armour
  2547 | D:3      | Paralysed by Grinder for 4 turns
  2551 | D:3      | HP: 1/33 [Grinder (2)]
  2551 | D:3      | Slain by Grinder

Skill      XL: |  1  2  3  4 |
---------------+-------------+-----
Stealth        | 1 3 |  3.0
Fighting       | 2 |  2.1
Dodging        | 4 |  4.1
Armour         | 1 |  1.0
Short Blades   | |  3.6
Throwing       | |  1.6

Action                   |  1- 3 |  4- 6 || total
-------------------------+-------+-------++-------
Melee: Rapier            |   140 |    38 ||   178
       Bite              |    11 |     2 ||    13
 Abil: Bat Form          |       |     1 ||     1
  Use: Potion            |       |     2 ||     2
 Stab: Sleeping          |     7 |     1 ||     8
Armor: Leather armour    |    33 |    10 ||    43
Dodge: Dodged            |    85 |    25 ||   110
